 Dungeon Crawl Stone Soup version 0.28-a0-1520-gc3277d3759 (webtiles) character file.

Game seed: 10420715197212470116

2609 sanka the Transmogrifier (level 9, -6/68 HPs)
             Began as a Gnoll Wanderer on Jan 17, 2022.
             Was an Initiate of Ashenzari.
             Mangled by a seven-headed hydra (7 damage)
             ... on level 7 of the Dungeon.
             The game lasted 00:15:59 (9272 turns).

sanka the Transmogrifier (Gnoll Wanderer)           Turns: 9272, Time: 00:15:59

Health: -6/68      AC:  2    Str: 11    XL:     9   Next: 59%
Magic:  22/25      EV: 22    Int: 14    God:    Ashenzari [......]
Gold:   309        SH:  5    Dex: 19    Spells: 11/18 levels left

rFire   . . .      SeeInvis .     - Unarmed
rCold   . . .      Faith    .   (shield currently unavailable)
rNeg    . . .      Spirit   .   (armour currently unavailable)
rPois   x          Reflect  +   (helmet currently unavailable)
rElec   .          Harm     .   (cloak currently unavailable)
rCorr   .          Rampage  .   (gloves currently unavailable)
Will    .....                   (boots currently unavailable)
Stlth   +++.......              v - amulet of reflection
HPRegen 0.21/turn               A - +4 ring of slaying
MPRegen 0.19/turn               I - ring of magical power

@: spider-form
A: venomous fangs, tiny, (fangs 1), strong nose, distributed training
a: End Transformation, Renounce Religion, Curse Item


You were on level 7 of the Dungeon.
You worshipped Ashenzari.
Ashenzari was noncommittal.
You were a venomous arachnid creature.
You visited 2 branches of the dungeon, and saw 8 of its levels.
You also visited: Sewer.

You collected 309 gold pieces.


Innate Abilities, Weirdness & Mutations

You are a venomous arachnid creature.
You have poisonous fangs.
You are tiny and dextrous.
Your spellcasting is less reliable in this form.
Your armour is entirely melded.
You are incapable of wielding weapons or throwing items.
((You have very sharp teeth.))
Your uncanny sense of smell can sniff out nearby items.
Your experience applies equally to all skills.


   Skills:
 + Level 5.2 Fighting
 + Level 4.4 Short Blades
 + Level 4.4 Long Blades
 + Level 4.4 Axes
 + Level 4.4 Maces & Flails
 + Level 4.4 Polearms
 + Level 4.4 Staves
 + Level 4.4 Slings
 + Level 4.4 Bows
 + Level 4.4 Crossbows
 + Level 4.4 Throwing
 + Level 5.2 Armour
 + Level 4.4 Dodging
 + Level 4.4 Stealth
 + Level 5.2 Shields
 + Level 5.2 Unarmed Combat
 + Level 5.3 Spellcasting
 + Level 3.6 Conjurations
 + Level 3.6 Hexes
 + Level 3.6 Summonings
 + Level 3.6 Necromancy
 + Level 3.6 Translocations
 + Level 9.5 Transmutations
 + Level 3.6 Fire Magic
 + Level 3.6 Ice Magic
 + Level 3.6 Air Magic
 + Level 3.6 Earth Magic
 + Level 3.6 Poison Magic
 + Level 4.8 Invocations
 + Level 4.4 Evocations


You had 11 spell levels left.
You knew the following spells:

 Your Spells              Type           Power      Damage    Failure   Level
b - Blink                 Tloc           26%        N/A       17%         2
x - Spider Form           Tmut/Pois      22%        N/A       11%         3
y - Sting                 Tmut/Pois      88%        1d7       5%          1
z - Beastly Appendage     Tmut           60%        N/A       3%          1

Your spell library contained the following spells:

 Spells                   Type           Power      Damage    Failure   Level
 Magic Dart               Conj           52%        1d5       12%         1
 Summon Small Mammal      Summ           52%        N/A       12%         1
 Lesser Beckoning         Tloc           13%        N/A       28%         3
 Manifold Assault         Tloc           13%        N/A       87%         5

Inventory:

Hand Weapons
 a - a +1 dagger of venom (melded)
Missiles
 l - 4 silver javelins
 C - 2 throwing nets {=f}
 N - a curare-tipped dart {=f}
Armour
 b - a +0 buckler (melded)
 i - a +0 helmet (melded)
 p - a +0 pair of boots (melded)
 D - a +0 pair of gloves (melded)
 J - a +0 cloak (melded)
 M - a +2 robe of willpower (melded)
Jewellery
 h - a ring of resist corrosion
 v - an amulet of reflection (around neck)
 A - a +4 ring of slaying (left front leg)
 I - a ring of magical power (right front leg)
Wands
 q - a wand of acid (1)
 z - a wand of polymorph (11)
 B - a wand of flame (6)
Scrolls
 d - a scroll of teleportation {@r4}
 e - 4 scrolls of enchant armour {unknown}
 g - a scroll of vulnerability {unknown}
 j - a scroll of holy word {unknown}
 o - 2 scrolls of enchant weapon {unknown}
 u - 5 scrolls of identify {unknown}
 w - a scroll of amnesia {unknown}
 y - a scroll of fear {unknown}
 E - 3 scrolls of blinking {unknown}
 G - a scroll of noise {unknown}
Potions
 c - a potion of ambrosia {unknown}
 f - 3 potions of heal wounds {unknown}
 k - 2 potions of brilliance {unknown}
 m - a potion of haste {unknown}
 n - a potion of curing {unknown}
 r - 3 potions of attraction {unknown}
 s - a potion of lignification {unknown}
 t - a potion of berserk rage {unknown}
 x - a potion of magic {unknown}
 F - a potion of mutation {unknown}
 H - a potion of degeneration {unknown}
 K - 2 potions of resistance {unknown}
 L - a potion of flight {unknown}

Dungeon Overview and Level Annotations

Branches:
Dungeon (7/15)             Temple (1/1) D:5           Sewer (visited)

Altars:
Ashenzari
Cheibriados
Dithmenos
Elyvilon
Fedhas
Gozag
Hepliaklqana
Kikubaaqudgha
Makhleb
Nemelex Xobeh
Okawaru
Qazlal
Ru
Sif Muna
Trog
Uskayaw
Vehumet
Wu Jian
Xom
Yredelemnul
Zin
The Shining One

Annotations:
D:4 2 transporters, r33k's ghost, amateur MiFi

▒▒▒.D.......▒
+...........▒
▒.....▒ ▒.▒.....▒
▒.▒ ....▒ ▒.▒
▒..?
▒.▒.▒▒..........
▒D▒.▒▒.........
▒s▒.▒▒........▒
▒.▒.▒▒........▒
▒.▒.▒▒........▒
▒.▒.▒▒........▒
▒.▒.▒▒........▒
▒.▒'▒▒........▒
▒..........()[▒
▒...........<.▒▒▒
▒..........)....▒


You could see a seven-headed hydra (corroded).


Message History

The seven-headed hydra bites you. The seven-headed hydra bites you.
The seven-headed hydra misses you. The seven-headed hydra bites you!
* * * LOW HITPOINT WARNING * * *
The seven-headed hydra completely misses you.
Unknown command.
Unknown command.
Aiming: Corrosive Bolt
Aim: a seven-headed hydra (heavily wounded, covered in acid, 91% to hit)
The bolt of acid hits the seven-headed hydra!
The seven-headed hydra seems to be corroded for longer.
The seven-headed hydra is severely wounded.
The seven-headed hydra bites you!
* * * LOW HITPOINT WARNING * * *
The seven-headed hydra completely misses you.
The seven-headed hydra completely misses you.
The seven-headed hydra bites you but does no damage.
The seven-headed hydra bites you!
* * * LOW HITPOINT WARNING * * *
The seven-headed hydra closely misses you.
The seven-headed hydra completely misses you.
Unknown command.
Aiming: Corrosive Bolt
Aim: a seven-headed hydra (severely wounded, covered in acid, 91% to hit)
The bolt of acid hits the seven-headed hydra!
The seven-headed hydra seems to be corroded for longer.
The seven-headed hydra is almost dead.
The seven-headed hydra bites you!
You die...

Action                   |  1- 3 |  4- 6 |  7- 9 || total
-------------------------+-------+-------+-------++-------
Melee: Dagger            |   117 |    94 |    23 ||   234
       Bite              |    10 |     4 |     1 ||    15
       Kick              |    26 |     1 |       ||    27
       Headbutt          |     9 |     2 |       ||    11
       Unarmed           |       |    42 |   234 ||   276
 Cast: Sting             |    21 |    53 |     3 ||    77
       Beastly Appendage |    15 |     3 |       ||    18
       Spider Form       |       |     5 |    32 ||    37
 Abil: End Transformatio |       |       |     1 ||     1
Evoke: Wand              |       |     1 |    14 ||    15
 Stab: Sleeping          |     1 |     2 |     5 ||     8
Armor: Leather armour    |    33 |    24 |     4 ||    61
       Skin              |       |     1 |    15 ||    16
       Robe              |       |       |     3 ||     3
Dodge: Dodged            |    42 |    88 |   191 ||   321
Block: Buckler           |    19 |    27 |    13 ||    59
       Other             |       |     8 |    55 ||    63
       Reflection        |       |       |     3 ||     3

Levels and vault maps discovered:
D:1:      wheals_arrival_linesprint, layout_basic,
          ebering_ecumenical_altar_sacrificial
D:2:      layout_rooms, grunt_ministairs_13, dk_vineyard_2, st_stairs_8
D:3:      layout_basic, minivault_11, uniq_terence
D:4:      layout_basic, gammafunk_ghost_mausoleum, uniq_ijyb
D:5:      layout_basic, fedhas_altar_2, minmay_temple_entry_gardened_gates,
          uniq_blork_the_orc, uniq_crazy_yiuf_cottage
D:6:      layout_basic, cheibrodos_sewer_entry_drain, minmay_quadrilaterals,
          uniq_menkaure, uniq_edmund, uniq_eustachio, uniq_prince_ribbit1
D:7:      layout_basic, eino_small_chamber_without_monster, uniq_duvessa
Temple:   mainiacjoe_temple_starburst

Notes
Turn   | Place    | Note
-------+----------+-------------------------------------------
     0 | D:1      | sanka the Gnoll Wanderer began the quest for the Orb.
     0 | D:1      | sanka set off with the following items: a +0 dagger, a +0
                  | buckler, a +0 leather armour, a scroll of teleportation
                  | {@r4}; and the following spells available to memorise:
                  | Beastly Appendage, Sting, Spider Form
     0 | D:1      | Reached XP level 1. HP: 17/17 MP: 4/4
     2 | D:1      | Learned a level 1 spell: Beastly Appendage
     4 | D:1      | Learned a level 1 spell: Sting
   356 | D:1      | Reached XP level 2. HP: 23/23 MP: 1/5
   675 | D:1      | Found a faded altar of an unknown god.
   835 | D:1      | Reached XP level 3. HP: 27/28 MP: 5/7
   889 | D:1      | Learned a level 3 spell: Spider Form
  1373 | D:2      | Reached skill level 1 in Invocations
  1853 | D:2      | Reached skill level 1 in Short Blades
  1853 | D:2      | Reached skill level 1 in Long Blades
  1853 | D:2      | Reached skill level 1 in Axes
  1853 | D:2      | Reached skill level 1 in Maces & Flails
  1853 | D:2      | Reached skill level 1 in Polearms
  1853 | D:2      | Reached skill level 1 in Staves
  1853 | D:2      | Reached skill level 1 in Slings
  1853 | D:2      | Reached skill level 1 in Bows
  1853 | D:2      | Reached skill level 1 in Crossbows
  1853 | D:2      | Reached skill level 1 in Throwing
  1853 | D:2      | Reached skill level 1 in Dodging
  1853 | D:2      | Reached skill level 1 in Stealth
  1853 | D:2      | Reached skill level 1 in Evocations
  1961 | D:2      | Reached XP level 4. HP: 34/34 MP: 5/8
  2002 | D:2      | Reached skill level 3 in Spellcasting
  2740 | D:2      | Reached skill level 1 in Conjurations
  2740 | D:2      | Reached skill level 1 in Hexes
  2740 | D:2      | Reached skill level 1 in Summonings
  2740 | D:2      | Reached skill level 1 in Necromancy
  2740 | D:2      | Reached skill level 1 in Translocations
  2740 | D:2      | Reached skill level 1 in Fire Magic
  2740 | D:2      | Reached skill level 1 in Ice Magic
  2740 | D:2      | Reached skill level 1 in Air Magic
  2740 | D:2      | Reached skill level 1 in Earth Magic
  2740 | D:2      | Reached skill level 1 in Poison Magic
  3450 | D:3      | Noticed Terence
  3464 | D:3      | Killed Terence
  3465 | D:3      | Reached XP level 5. HP: 38/40 MP: 4/9
  3670 | D:3      | Reached skill level 3 in Fighting
  3670 | D:3      | Reached skill level 3 in Armour
  3670 | D:3      | Reached skill level 3 in Shields
  3670 | D:3      | Reached skill level 3 in Unarmed Combat
  4155 | D:4      | Noticed a phantom
  4175 | D:4      | Killed a phantom
  4176 | D:4      | Reached skill level 2 in Invocations
  4176 | D:4      | Reached XP level 6. HP: 31/47 MP: 3/11
  4573 | D:4      | Reached skill level 2 in Short Blades
  4573 | D:4      | Reached skill level 2 in Long Blades
  4573 | D:4      | Reached skill level 2 in Axes
  4573 | D:4      | Reached skill level 2 in Maces & Flails
  4573 | D:4      | Reached skill level 2 in Polearms
  4573 | D:4      | Reached skill level 2 in Staves
  4573 | D:4      | Reached skill level 2 in Slings
  4573 | D:4      | Reached skill level 2 in Bows
  4573 | D:4      | Reached skill level 2 in Crossbows
  4573 | D:4      | Reached skill level 2 in Throwing
  4573 | D:4      | Reached skill level 2 in Dodging
  4573 | D:4      | Reached skill level 2 in Stealth
  4573 | D:4      | Reached skill level 2 in Evocations
  4705 | D:4      | Reached skill level 9 in Transmutations
  4717 | D:4      | Reached XP level 7. HP: 43/52 MP: 10/12
  4832 | D:4      | Noticed Ijyb
  4847 | D:4      | Killed Ijyb
  5137 | D:4      | Found a transporter.
  5172 | D:4      | Found a transporter.
  5173 | D:4      | Noticed r33k's ghost (amateur MiFi)
  5249 | D:5      | Entered Level 5 of the Dungeon
  5293 | D:5      | Reached skill level 2 in Conjurations
  5293 | D:5      | Reached skill level 2 in Hexes
  5293 | D:5      | Reached skill level 2 in Summonings
  5293 | D:5      | Reached skill level 2 in Necromancy
  5293 | D:5      | Reached skill level 2 in Translocations
  5293 | D:5      | Reached skill level 2 in Fire Magic
  5293 | D:5      | Reached skill level 2 in Ice Magic
  5293 | D:5      | Reached skill level 2 in Air Magic
  5293 | D:5      | Reached skill level 2 in Earth Magic
  5293 | D:5      | Reached skill level 2 in Poison Magic
  5454 | D:5      | Found a staircase to the Ecumenical Temple.
  5467 | D:5      | Noticed Blork the orc
  5485 | D:5      | Killed Blork the orc
  5489 | D:5      | Reached skill level 4 in Spellcasting
  5489 | D:5      | Reached skill level 3 in Invocations
  5494 | Temple   | Entered the Ecumenical Temple
  6340 | Temple   | Became a worshipper of Ashenzari the Shackled
  6461 | D:5      | Found a blossoming altar of Fedhas.
  6475 | D:5      | Reached XP level 8. HP: 48/60 MP: 11/14
  6544 | D:5      | Learned a level 2 spell: Blink
  6958 | D:5      | Found a runed translucent door.
  6959 | D:5      | Noticed Crazy Yiuf
  7113 | D:5      | Killed Crazy Yiuf
  7157 | D:6      | Noticed Edmund
  7168 | D:6      | Killed Edmund
  7169 | D:6      | Reached skill level 4 in Fighting
  7169 | D:6      | Reached skill level 3 in Short Blades
  7169 | D:6      | Reached skill level 3 in Long Blades
  7169 | D:6      | Reached skill level 3 in Axes
  7169 | D:6      | Reached skill level 3 in Maces & Flails
  7169 | D:6      | Reached skill level 3 in Polearms
  7169 | D:6      | Reached skill level 3 in Staves
  7169 | D:6      | Reached skill level 3 in Slings
  7169 | D:6      | Reached skill level 3 in Bows
  7169 | D:6      | Reached skill level 3 in Crossbows
  7169 | D:6      | Reached skill level 3 in Throwing
  7169 | D:6      | Reached skill level 4 in Armour
  7169 | D:6      | Reached skill level 3 in Dodging
  7169 | D:6      | Reached skill level 3 in Stealth
  7169 | D:6      | Reached skill level 4 in Shields
  7169 | D:6      | Reached skill level 4 in Unarmed Combat
  7169 | D:6      | Reached skill level 3 in Evocations
  7320 | D:6      | Found a glowing drain.
  7378 | D:6      | Noticed Menkaure
  7397 | D:6      | HP: 6/61 [Menkaure (7)]
  7401 | D:6      | Killed Menkaure
  7616 | Sewer    | Entered a sewer
  7732 | Sewer    | Reached skill level 3 in Conjurations
  7732 | Sewer    | Reached skill level 3 in Hexes
  7732 | Sewer    | Reached skill level 3 in Summonings
  7732 | Sewer    | Reached skill level 3 in Necromancy
  7732 | Sewer    | Reached skill level 3 in Translocations
  7732 | Sewer    | Reached skill level 3 in Fire Magic
  7732 | Sewer    | Reached skill level 3 in Ice Magic
  7732 | Sewer    | Reached skill level 3 in Air Magic
  7732 | Sewer    | Reached skill level 3 in Earth Magic
  7732 | Sewer    | Reached skill level 3 in Poison Magic
  7732 | Sewer    | Reached skill level 4 in Invocations
  8022 | D:6      | Reached XP level 9. HP: 66/66 MP: 16/16
  8346 | D:6      | Noticed Prince Ribbit
  8357 | D:6      | Reached skill level 4 in Short Blades
  8357 | D:6      | Reached skill level 4 in Long Blades
  8357 | D:6      | Reached skill level 4 in Axes
  8357 | D:6      | Reached skill level 4 in Maces & Flails
  8357 | D:6      | Reached skill level 4 in Polearms
  8357 | D:6      | Reached skill level 4 in Staves
  8357 | D:6      | Reached skill level 4 in Slings
  8357 | D:6      | Reached skill level 4 in Bows
  8357 | D:6      | Reached skill level 4 in Crossbows
  8357 | D:6      | Reached skill level 4 in Throwing
  8357 | D:6      | Reached skill level 4 in Dodging
  8357 | D:6      | Reached skill level 4 in Stealth
  8357 | D:6      | Reached skill level 4 in Evocations
  8473 | D:5      | Killed Prince Ribbit
  8474 | D:5      | Reached skill level 5 in Spellcasting
  8735 | D:6      | Noticed Eustachio
  8747 | D:6      | Killed Eustachio
  8748 | D:6      | Reached skill level 5 in Fighting
  8748 | D:6      | Reached skill level 5 in Armour
  8748 | D:6      | Reached skill level 5 in Shields
  8748 | D:6      | Reached skill level 5 in Unarmed Combat
  8769 | D:6      | Got Witchcraft for Neophytes
  8958 | D:7      | Noticed Duvessa
  8961 | D:7      | Noticed Dowan
  9136 | D:7      | Killed Duvessa
  9141 | D:7      | Killed Dowan
  9261 | D:7      | Noticed a seven-headed hydra
  9271 | D:7      | HP: 1/68 [seven-headed hydra (15)]
  9272 | D:7      | Mangled by a seven-headed hydra

Vanquished Creatures
  Prince Ribbit (D:5)
  Eustachio (D:6)
  Menkaure (D:6)
  Edmund (D:6)
  A water moccasin (Sewer)
  Duvessa (D:7)
  A black bear (D:7)
  A necrophage (D:6)
  2 phantoms
  2 kobold brigands
  Blork the orc (D:5)
  A scorpion (D:5)
  2 water moccasin zombies
  A wyvern skeleton (D:6)
  Dowan (D:7)
  4 wights (D:6)
  A bullfrog zombie (D:6)
  4 orc priests (D:4)
  2 hounds
  3 centaur skeletons
  Crazy Yiuf (D:5)
  5 iguanas
  Ijyb (D:4)
  Terence (D:3)
  4 orc wizards
  4 gnolls
  A howler monkey skeleton (D:6)
  7 adders
  A white imp (D:7)
  An ufetubus (D:5)
  An adder zombie (D:5)
  5 worms
  A dart slug (D:2)
  14 orcs
  6 ball pythons
  6 endoplasms
  4 giant cockroaches
  7 goblins
  8 hobgoblins
  8 jackals
  10 kobolds
  6 quokkas
  6 bats
  6 frilled lizards
  11 rats
157 creatures vanquished.

Vanquished Creatures (others)
  A kobold (D:6)
  3 plants (D:5)
4 creatures vanquished.

Grand Total: 161 creatures vanquished
